Map: Cosmic Sapphire

Players

SelMi

  • Race: Zerg Zerg
  • League: Diamond
  • Spawn Location: 11:00

IllIIIllllII - Winner!

  • Race: Protoss Protoss
  • Spawn Location: 5:00

VOD

Have the link to the VOD?

Description

Time

  • Played on: Dec. 1, 2022, 9:12 p.m.
  • Length: 11:49
Show
View Real Time Build Order
Export as new Build Order

SelMi Zerg 

Build Orders: Pool First 

Get SALT Encoding   

  12  0:01  Drone  
  13  0:12  Overlord  
  13  0:17  Drone  
  14  0:31  Drone x2  
  14  0:34  Drone  
  17  0:46  Spawning Pool  
  17  0:49  Drone  
  17  1:09  Hatchery  
  16  1:11  Drone  
  16  1:15  Extractor  
  16  1:16  Drone  
  17  1:28  Drone  
  17  1:30  Drone  
  19  1:33  Queen  
  19  1:39  Zergling x2  
  22  1:51  Overlord  
  21  2:21  Queen  
  21  2:36  Spine Crawler  
  20  2:43  Roach Warren  
  15  3:04  Drone x5  
  20  3:11  Hatchery  
  19  3:24  Roach  
  19  3:25  Roach  
  23  3:28  Roach  
  23  3:33  Roach  
  27  3:36  Roach  
  29  3:42  Overlord  
  29  4:34  Drone x3  
  29  4:35  Drone x3, Queen  
  29  4:37  Drone x2  
  37  4:55  Lair  
  37  4:57  Extractor  
  36  5:01  Roach x2  
  40  5:09  Roach, Overlord  
  40  5:12  Overlord  
  42  5:21  Roach  
  43  5:29  Overlord  
  43  5:30  Overlord  
  43  5:34  Roach  
  45  5:43  Drone  
  38  6:05  Hydralisk Den  
  38  6:07  Spore Crawler  
  38  6:08  Drone x3, Spore Crawler  
  32  6:21  Drone x2  
  30  6:34  Queen  
  30  6:37  Drone  
  30  6:38  Spore Crawler  
  32  6:41  Hydralisk  
  32  6:42  Hydralisk x2  
  38  6:48  Hydralisk  
  40  7:09  Hydralisk  
  40  7:10  Hydralisk x2  
  46  7:24  Spore Crawler  
  46  7:28  Drone x3  
  46  7:39  Hydralisk x2  
  50  7:45  Drone  
  50  7:46  Drone x2  
  50  7:48  Drone  
  54  8:05  Hydralisk x2  
  57  8:12  Extractor  
  56  8:22  Drone  
  56  8:23  Hydralisk  
  59  8:46  Overlord x2  
  59  8:47  Nydus Network  
  57  8:53  Hydralisk x2  
  57  8:54  Hydralisk  
  61  9:10  Hydralisk x2  
  61  9:11  Hydralisk  
  66  9:21  Drone x3  
  66  9:22  Drone x2  
  71  9:30  Hydralisk x2  
  71  9:31  Hydralisk  
  77  9:41  Nydus Canal  
  74  9:56  Hydralisk x2  
  75  10:05  Hydralisk x2  
Show
View Real Time Build Order
Export as new Build Order

IllIIIllllII Protoss - Winner!

Build Orders:  

Get SALT Encoding   

  12  0:00  Probe  
  13  0:12  Probe  
  14  0:22  Pylon  
  14  0:29  Pylon  
  14  0:31  Probe  
  14  0:34  Assimilator  
  15  0:47  Probe  
  16  0:54  Forge  
  16  0:59  Probe  
  17  1:05  Gateway  
  17  1:11  Probe  
  18  1:22  Pylon  
  18  1:41  Photon Cannon  
  18  1:43  Photon Cannon  
  17  2:02  Pylon, Photon Cannon  
  17  2:09  Probe  
  18  2:21  Probe  
  19  2:27  Photon Cannon  
  19  2:28  Photon Cannon  
  19  2:33  Photon Cannon  
  19  2:42  Photon Cannon  
  19  2:45  Probe  
  20  3:06  Probe  
  20  3:09  Assimilator  
  21  3:14  Cybernetics Core  
  21  3:18  Probe  
  22  3:30  Pylon, Probe  
  23  3:42  Probe  
  23  3:44  Pylon  
  24  3:53  Zealot (Chrono Boost)  
  26  4:05  Shield Battery  
  26  4:09  Shield Battery  
  26  4:18  Stargate  
  26  4:19  Stargate  
  25  4:32  Probe  
  26  4:44  Probe  
  27  4:56  Probe  
  36  5:08  Void Ray (Chrono Boost)  
  36  5:09  Void Ray (Chrono Boost)  
  36  5:23  Nexus  
  36  5:45  Photon Cannon  
  36  5:46  Pylon  
  33  6:17  Void Ray  
  37  6:38  Probe  
  38  6:40  Pylon  
  38  6:43  Probe  
  39  6:50  Probe  
  40  6:55  Probe  
  41  7:02  Probe  
  41  7:07  Probe  
  43  7:22  Void Ray x2  
  51  7:43  Photon Cannon  
  51  7:45  Photon Cannon  
  51  7:47  Shield Battery  
  47  8:00  Photon Cannon  
  47  8:03  Photon Cannon, Shield Battery  
  47  8:06  Pylon  
  47  8:25  Stargate  
  47  8:26  Probe x2, Fleet Beacon  
  49  8:27  Pylon  
  49  8:38  Probe x2  
  51  8:54  Oracle  
  54  9:18  Oracle  
  54  9:23  Pylon  
  57  9:25  Photon Cannon  
  57  9:28  Pylon, Photon Cannon  
  57  9:30  Photon Cannon  
  57  9:35  Assimilator  
  57  9:52  Oracle  
  60  10:10  Photon Cannon  
  59  10:21  Oracle  
  56  10:56  Nexus  
  56  10:58  Pylon  
  56  11:02  Oracle  
Tags
 
League
Diamond
Matchup
PvZ
Opening
Pool First
Spawn Locations
Cross Positions
Add a new tag
Caveats
  • Supply blocks, unpowered buildings, or Contaminate may cause inaccurate times.
  • Supply counts are checked every 10 seconds.